[Event "Titled Tuesday Blitz August 3 2021"]
[White "Salinas Herrera, Pablo"]
[Black "Matinian, Nikita"]
[WhiteFideId "3407128"]
[BlackFideId "24129100"]
[WhiteElo "2541"]
[BlackElo "2410"]
[Result "0-1"]
[Round "08"]
[TimeControl "180+1"]
[Date "2021.08.03"]
[WhiteClock "0:00:57"]
[BlackClock "0:00:57"]

1. d4 Nf6 2. Nf3 c5 3. d5 g6 4. Nc3 Bg7 5. e4 O-O 6. Be2 d6 7. O-O Bg4 8. Nd2 Bxe2 9. Qxe2 a6 10. a4 Nbd7 11. a5 Re8 12. Nc4 Qc7 13. Rd1 b5 14. axb6 Nxb6 15. Na5 e6 16. dxe6 Rxe6 17. Bf4 Rae8 18. Qxa6 Nh5 19. Nb5 Qd8 20. Bxd6 Rxe4 21. Nc6 Qf6 22. Qxb6 Qxb2 23. g3 Nf6 24. Rab1 Qxc2 25. Bxc5 Nd5 26. Qa7 Nf4 27. Nd6 Qxd1+ 0-1


[Site "https://www.chess.com"]

[Event "Titled Tuesday Blitz August 3 2021"]
[White "Savchenko, Boris"]
[Black "Sarana, Alexey"]
[WhiteFideId "4147332"]
[BlackFideId "24133795"]
[WhiteElo "2542"]
[BlackElo "2646"]
[Result "0-1"]
[Round "08"]
[TimeControl "180+1"]
[Date "2021.08.03"]
[WhiteClock "0:00:11"]
[BlackClock "0:00:46"]

1. e4 e5 2. Nf3 Nc6 3. Bc4 Bc5 4. c3 Nf6 5. b4 Bb6 6. d3 d6 7. a4 a6 8. a5 Ba7 9. O-O Ne7 10. Re1 Ng6 11. d4 O-O 12. h3 Qe7 13. Nbd2 Nh5 14. Nf1 Nhf4 15. Ng3 Qf6 16. Be3 c6 17. dxe5 dxe5 18. Bxa7 Rxa7 19. Re3 Ra8 20. Qf1 h5 21. Rd1 h4 22. Ne2 Be6 23. Nxf4 exf4 24. e5 Qf5 25. Bxe6 fxe6 26. Ree1 Rad8 27. Rd6 Rxd6 28. exd6 Rd8 29. Rd1 e5 30. Qc4+ Kh8 31. Qc5 Qe6 32. Kh2 Rd7 33. c4 Qf6 34. b5 e4 35. Ng5 f3 36. bxc6 bxc6 37. Kg1 Ne5 38. Nxe4 Qg6 39. g4 hxg3 40. Nxg3 Qe6 41. Re1 Qxh3 0-1


[Site "https://www.chess.com"]

[Event "Titled Tuesday Blitz August 3 2021"]
[White "Shimelkov, Vasiliy"]
[Black "Najdin, Danil"]
[WhiteFideId "13701630"]
[BlackFideId "4172426"]
[WhiteElo "2073"]
[BlackElo "2193"]
[Result "1-0"]
[Round "08"]
[TimeControl "180+1"]
[Date "2021.08.03"]
[WhiteClock "0:00:55"]
[BlackClock "0:01:03"]

1. d4 Nf6 2. c4 g6 3. Nf3 Bg7 4. g3 O-O 5. Bg2 d6 6. Nc3 Nc6 7. O-O a6 8. d5 Na5 9. Qd3 c5 10. e4 Rb8 11. a4 Bd7 12. Bf4 Ng4 13. h3 Ne5 14. Bxe5 Bxe5 15. Nxe5 dxe5 16. f4 Qc7 17. f5 Nb3 18. Rae1 Nd4 19. Rf2 f6 20. g4 b5 21. axb5 axb5 22. cxb5 Bxb5 23. Nxb5 Rxb5 24. Bf1 Rfb8 25. Qa3 Rb3 26. Bc4 Kg7 27. Bxb3 Rxb3 28. Qa4 Rxh3 29. Kg2 Rb3 30. Ra1 Qb7 31. Ra2 Re3 32. Qa7 Qxa7 33. Rxa7 Kf8 34. fxg6 hxg6 35. d6 Nb5 36. d7 1-0


[Site "https://www.chess.com"]

[Event "Titled Tuesday Blitz August 3 2021"]
[White "Silva, Miguel Antonio Neto"]
[Black "Krivonosov, Oleg"]
[WhiteFideId "1911929"]
[BlackFideId "11600349"]
[WhiteElo "2283"]
[BlackElo "2469"]
[Result "1/2-1/2"]
[Round "08"]
[TimeControl "180+1"]
[Date "2021.08.03"]
[WhiteClock "0:00:18"]
[BlackClock "0:00:52"]

1. Nf3 d5 2. d4 Nf6 3. c4 e6 4. g3 Be7 5. Bg2 O-O 6. O-O Nbd7 7. Qc2 c6 8. Rd1 b6 9. Nbd2 Bb7 10. e4 dxc4 11. Nxc4 c5 12. Nfe5 cxd4 13. Rxd4 Qc7 14. Nxd7 Nxd7 15. Qd1 Rfd8 16. Nd6 Bxd6 17. Rxd6 Nf6 18. Bf4 Rxd6 19. Bxd6 Qd7 20. e5 Ne8 21. Bxb7 Qxb7 22. Rc1 Rd8 23. Qa4 h6 24. Qc6 Qxc6 25. Rxc6 f6 26. f4 Nxd6 27. exd6 Kf7 28. Rc7+ Kg6 29. d7 a5 30. Rb7 Kf5 31. Kf2 e5 32. fxe5 Kxe5 33. Ke3 f5 34. a4 g5 35. Rxb6 Rxd7 36. Rb5+ Rd5 37. Rb8 f4+ 38. gxf4+ gxf4+ 39. Kf3 Rd3+ 40. Kg4 h5+ 41. Kxh5 Rh3+ 42. Kg4 Rxh2 43. Re8+ Kd4 44. Kxf4 Rf2+ 45. Kg3 Rxb2 46. Ra8 1/2-1/2


[Site "https://www.chess.com"]

[Event "Titled Tuesday Blitz August 3 2021"]
[White "Solon, Nathan"]
[Black "Kobalia, Mikhail"]
[WhiteFideId "2017229"]
[BlackFideId "4119150"]
[WhiteElo "2647"]
[BlackElo "2569"]
[Result "1-0"]
[Round "08"]
[TimeControl "180+1"]
[Date "2021.08.03"]
[WhiteClock "0:00:21"]
[BlackClock "0:00:08"]

1. d4 Nf6 2. c4 g6 3. g3 Bg7 4. Bg2 O-O 5. Nc3 d6 6. Nf3 Nc6 7. O-O a6 8. d5 Na5 9. b3 c5 10. Bd2 b5 11. Qe1 Bd7 12. e4 Ng4 13. Rc1 bxc4 14. Nd1 Nxb3 15. axb3 cxb3 16. Bc3 a5 17. Bxg7 Kxg7 18. Qc3+ f6 19. Qxb3 a4 20. Qa3 Rb8 21. Nd2 Ne5 22. Ne3 Bb5 23. Nec4 Qd7 24. f4 Bxc4 25. Nxc4 Rb3 26. Qa2 Nd3 27. Rb1 Rfb8 28. Nd2 Rb2 29. Qc4 Qb5 30. Rxb2 Nxb2 31. Qxb5 Rxb5 32. Ra1 c4 33. Bf1 Rb4 34. Nb1 Rb3 35. Ra3 g5 36. Be2 gxf4 37. gxf4 Kg6 38. Kf2 h5 39. Ra2 h4 40. Nd2 Rb4 41. Ra3 Kf7 42. Rc3 Nd3+ 43. Bxd3 cxd3 44. Rxd3 Rb2 45. Ke3 Rb1 46. Ra3 Re1+ 47. Kf2 Rd1 48. Nf3 h3 49. Rxa4 Rc1 50. Kg3 1-0


[Site "https://www.chess.com"]

[Event "Titled Tuesday Blitz August 3 2021"]
[White "Song, Michael"]
[Black "Lee, Linden"]
[WhiteFideId "2613190"]
[BlackFideId "30941830"]
[WhiteElo "2274"]
[BlackElo "2495"]
[Result "1-0"]
[Round "08"]
[TimeControl "180+1"]
[Date "2021.08.03"]
[WhiteClock "0:00:12"]
[BlackClock "0:01:02"]

1. d4 Nf6 2. Bg5 Ne4 3. Bf4 c5 4. d5 Qb6 5. Nd2 Qxb2 6. Nxe4 Qb4+ 7. c3 Qxe4 8. e3 e6 9. c4 exd5 10. Nf3 Nc6 11. Rc1 d4 12. Bd3 Qe6 13. O-O Bd6 14. exd4 Bxf4 15. Re1 Bxc1 16. d5 Qxe1+ 17. Qxe1+ Kd8 18. Qxc1 Ne7 19. d6 Ng6 20. Bxg6 hxg6 21. Ng5 b5 22. Nxf7+ Ke8 23. Nxh8 Bb7 24. Qe3+ Kf8 25. Nxg6+ Kg8 26. Ne7+ Kf7 27. cxb5 Re8 28. Qxc5 Be4 29. Qe5 Bd3 30. Qf4+ Ke6 31. Qe3+ Kxd6 32. Nf5+ Bxf5 33. Qxe8 Kc5 34. Qb8 Be6 35. Qxa7+ Kxb5 36. Qd4 Kc6 37. Qxg7 Kb5 38. h4 Ka4 39. h5 Ka3 40. h6 Kxa2 41. h7 d5 42. h8=Q Kb3 43. Qc3+ Ka4 44. Qb8 d4 45. Qbb4# 1-0


[Site "https://www.chess.com"]

[Event "Titled Tuesday Blitz August 3 2021"]
[White "Spata, German"]
[Black "Ilyasli, Ughur"]
[WhiteFideId "113026"]
[BlackFideId "13416197"]
[WhiteElo "2238"]
[BlackElo "2051"]
[Result "1-0"]
[Round "08"]
[TimeControl "180+1"]
[Date "2021.08.03"]
[WhiteClock "0:00:08"]
[BlackClock "0:00:02"]

1. Nf3 e6 2. b3 f5 3. Bb2 Nf6 4. e3 Be7 5. Be2 O-O 6. O-O d6 7. d4 Qe8 8. c4 Bd8 9. Nc3 Nc6 10. d5 Ne5 11. dxe6 Bxe6 12. Nd5 Nxd5 13. cxd5 Nxf3+ 14. Bxf3 Bd7 15. Rc1 Rc8 16. Rc2 Bf6 17. Bxf6 Rxf6 18. Qd4 a6 19. Rfc1 c5 20. dxc6 Bxc6 21. Bxc6 Rxc6 22. Rxc6 bxc6 23. Qb6 d5 24. Qxa6 Rg6 25. g3 h5 26. Qa4 Qe6 27. Qh4 Qf7 28. b4 Qe8 29. Qd4 h4 30. b5 hxg3 31. hxg3 cxb5 32. Qxd5+ Qe6 33. Qxe6+ Rxe6 34. Rc5 f4 35. gxf4 Ra6 36. Rxb5 Rxa2 37. Kg2 Kf7 38. Kf3 Kf6 39. Rb6+ Kf7 40. Rb7+ Kf6 41. Rb1 Ra4 42. Rc1 Rb4 43. Rc3 Ra4 44. Kg3 Kf5 45. f3 Kf6 46. e4 Ra1 47. Rc6+ Kf7 48. f5 Ra3 49. Kf4 Rb3 50. Rc4 Ra3 51. Kg4 Ra1 52. e5 Rg1+ 53. Kf4 Re1 54. Rc7+ Kf8 55. Rc5 Ra1 56. Rc6 Kf7 57. f6 g6 58. Rc7+ Kf8 59. e6 Ra5 60. Rc8# 1-0


[Site "https://www.chess.com"]

[Event "Titled Tuesday Blitz August 3 2021"]
[White "Spitzl, Vinzent"]
[Black "Zhurbinsky, David"]
[WhiteFideId "12901253"]
[BlackFideId "2072904"]
[WhiteElo "2192"]
[BlackElo "2566"]
[Result "0-1"]
[Round "08"]
[TimeControl "180+1"]
[Date "2021.08.03"]
[WhiteClock "0:00:02"]
[BlackClock "0:01:18"]

1. e4 e5 2. Nf3 Nc6 3. Bc4 Bc5 4. c3 Nf6 5. d4 exd4 6. cxd4 Bb4+ 7. Nc3 Nxe4 8. O-O Bxc3 9. d5 O-O 10. dxc6 Bf6 11. cxd7 Bxd7 12. Qc2 Bc6 13. Bf4 Nd6 14. Bd3 Bxf3 15. gxf3 g6 16. Rad1 Qd7 17. Be4 Qh3 18. Bxd6 cxd6 19. f4 Qg4+ 20. Bg2 Qxf4 21. Qe4 Qh6 22. Rxd6 Rfe8 23. Qxb7 Be5 0-1


[Site "https://www.chess.com"]

[Event "Titled Tuesday Blitz August 3 2021"]
[White "Stribuk, Artiom"]
[Black "Vokhidov, Shamsiddin"]
[WhiteFideId "13515659"]
[BlackFideId "14204223"]
[WhiteElo "2224"]
[BlackElo "2572"]
[Result "0-1"]
[Round "08"]
[TimeControl "180+1"]
[Date "2021.08.03"]
[WhiteClock "0:00:38"]
[BlackClock "0:02:12"]

1. d4 Nf6 2. c4 e6 3. g3 d5 4. Nf3 Bb4+ 5. Bd2 a5 6. Bg2 O-O 7. Qc2 c5 8. O-O cxd4 9. Nxd4 Nc6 10. Nxc6 bxc6 11. a3 Bd6 12. Nc3 Ba6 13. cxd5 cxd5 14. Rfc1 Rb8 15. e3 Bc4 16. Bf1 Bxf1 17. Kxf1 Qb6 18. Na4 Qa6+ 19. Kg2 Rfc8 20. Qd1 h5 21. h3 h4 22. g4 Ne4 23. Be1 Bc7 24. f3 Ng3 25. b4 Qf1+ 0-1


[Site "https://www.chess.com"]

[Event "Titled Tuesday Blitz August 3 2021"]
[White "Svane, Rasmus"]
[Black "Costachi, Mihnea"]
[WhiteFideId "4657101"]
[BlackFideId "1217518"]
[WhiteElo "2669"]
[BlackElo "2482"]
[Result "0-1"]
[Round "08"]
[TimeControl "180+1"]
[Date "2021.08.03"]
[WhiteClock "0:00:01"]
[BlackClock "0:00:52"]

1. Nf3 Nf6 2. g3 g6 3. Bg2 Bg7 4. O-O O-O 5. d4 d6 6. Re1 Nc6 7. d5 Nb8 8. c4 a5 9. Nc3 e5 10. dxe6 Bxe6 11. Nd4 Bxc4 12. Bxb7 Ra7 13. Bg2 Qd7 14. e4 c5 15. Nc2 Nc6 16. Bf4 Rd8 17. Bd2 Rb7 18. b3 Be6 19. Rc1 Bg4 20. f3 Bh3 21. Ne3 Nd4 22. Ned5 Nxd5 23. Nxd5 Bxg2 24. Kxg2 a4 25. Bg5 Rdb8 26. Nf6+ Bxf6 27. Bxf6 axb3 28. axb3 Rxb3 29. Bxd4 cxd4 30. Rc2 d3 31. Rd2 Rb2 32. Rf1 d5 33. exd5 Qxd5 34. Rff2 Qd4 35. Qc1 Rxd2 36. Rxd2 Qe3 37. Qd1 Rd8 38. h4 h5 39. Qc1 Kh7 40. Qd1 Rd6 41. Qc1 Rc6 42. Qxc6 Qxd2+ 43. Kh3 Qe1 44. g4 hxg4+ 45. fxg4 Qf1+ 46. Kg3 d2 47. h5 Qe1+ 0-1


[Site "https://www.chess.com"]

[Event "Titled Tuesday Blitz August 3 2021"]
[White "Timmermans, Mark"]
[Black "Tokhirjonova, Gulrukhbegim"]
[WhiteFideId "1026399"]
[BlackFideId "14203626"]
[WhiteElo "2460"]
[BlackElo "2236"]
[Result "1-0"]
[Round "08"]
[TimeControl "180+1"]
[Date "2021.08.03"]
[WhiteClock "0:00:37"]
[BlackClock "0:00:08"]

1. b4 d5 2. Bb2 Nf6 3. b5 g6 4. e3 Bg7 5. c4 O-O 6. a4 c5 7. Nf3 Bf5 8. cxd5 Nxd5 9. Bxg7 Kxg7 10. Be2 b6 11. O-O Nd7 12. Nc3 Nb4 13. d4 Rc8 14. Qb3 Be6 15. Qb2 Nf6 16. Rfd1 Qc7 17. Rac1 Rfd8 18. dxc5 Rxd1+ 19. Nxd1 bxc5 20. Nc3 Kg8 21. h3 h5 22. Nb1 Qa5 23. Nc3 Nbd5 24. Nxd5 Nxd5 25. Bd1 Nb4 26. Qc3 Qd8 27. Bb3 c4 28. Qxb4 cxb3 29. Rf1 Qd6 30. Qxd6 exd6 31. Nd4 b2 32. Nc6 Kf8 33. Rb1 Bd5 34. Rxb2 Bxc6 35. bxc6 Rxc6 36. Rb8+ Kg7 37. Rb5 Ra6 38. a5 Rc6 39. Rb7 a6 40. Rb6 Rc5 41. Rxa6 d5 42. Ra8 Rc1+ 43. Kh2 h4 44. a6 Ra1 45. a7 Kf6 46. g3 hxg3+ 47. Kxg3 Kf5 48. Kf3 f6 49. Ke2 g5 50. Kd3 Ra4 51. Kc3 Ra2 52. Kd4 Ra5 53. f3 Ra1 54. Kxd5 Rd1+ 55. Kc6 Rc1+ 56. Kd6 Rd1+ 57. Ke7 Ra1 58. e4+ Kf4 59. Kxf6 Kxf3 60. Kxg5 Ke3 61. e5 Ra5 62. Kf6 Kf4 63. e6 Ra6 64. Kf7 Kf5 65. e7 Rf6+ 66. Kg7 Rg6+ 67. Kh7 Kg5 68. e8=Q Rh6+ 69. Kg7 Rxh3 70. Qe5+ Kh4 71. Qf4+ Kh5 72. Rh8# 1-0


[Site "https://www.chess.com"]

[Event "Titled Tuesday Blitz August 3 2021"]
[White "Tologon tegin, Semetei"]
[Black "Lazavik, Denis"]
[WhiteFideId "13800574"]
[BlackFideId "13515110"]
[WhiteElo "2224"]
[BlackElo "2436"]
[Result "0-1"]
[Round "08"]
[TimeControl "180+1"]
[Date "2021.08.03"]
[WhiteClock "0:00:21"]
[BlackClock "0:00:42"]

1. e4 e5 2. Nc3 Nf6 3. Bc4 Nxe4 4. Bxf7+ Kxf7 5. Nxe4 d5 6. Ng3 Nc6 7. N1e2 Bc5 8. c3 Rf8 9. d4 exd4 10. cxd4 Bd6 11. Qb3 Bb4+ 12. Kf1 Kg8 13. h3 Kh8 14. Kg1 Bd6 15. Be3 Qh4 16. Qxd5 Bd7 17. Qe4 Qf6 18. Kh2 Rae8 19. Qd3 Nb4 20. Qd2 Nd5 21. Rhf1 h6 22. Kg1 Qh4 23. Kh2 Bxh3 24. gxh3 Rf3 25. Rg1 Nxe3 26. fxe3 Rexe3 27. Raf1 Bxg3+ 28. Nxg3 Rxg3 29. Rf8+ Kh7 30. Qc2+ Rd3 31. Rxg3 Qxg3+ 32. Kh1 Qxh3+ 33. Kg1 Qg4+ 34. Kf2 Qxd4+ 35. Ke2 Qe4+ 36. Kf2 Rf3+ 37. Rxf3 Qxc2+ 38. Kg3 Qxb2 0-1


[Site "https://www.chess.com"]

[Event "Titled Tuesday Blitz August 3 2021"]
[White "Tomiello, Mateus Costamilan"]
[Black "Shahade, Gregory"]
[WhiteFideId "22701958"]
[BlackFideId "2009064"]
[WhiteElo "1995"]
[BlackElo "2732"]
[Result "1/2-1/2"]
[Round "08"]
[TimeControl "180+1"]
[Date "2021.08.03"]
[WhiteClock "0:00:23"]
[BlackClock "0:00:29"]

1. e4 e5 2. Nf3 Nc6 3. Bb5 a6 4. Ba4 Nf6 5. O-O Be7 6. Re1 b5 7. Bb3 O-O 8. c3 d5 9. exd5 Nxd5 10. Nxe5 Nxe5 11. Rxe5 c6 12. d3 Bd6 13. Re1 Bf5 14. Qf3 Re8 15. Rxe8+ Qxe8 16. Nd2 Qe1+ 17. Nf1 Bg6 18. Bxd5 cxd5 19. Qxd5 Rd8 20. Bg5 Qxa1 21. Bxd8 Bxh2+ 22. Kxh2 Qxf1 23. Bg5 h6 24. Be3 Bxd3 25. Bd4 Qe2 26. Qe5 Qxe5+ 27. Bxe5 g6 28. Kg3 Kf8 29. Bd6+ Ke8 30. Kf4 Kd7 31. Bf8 h5 32. Ke5 Bf1 33. g3 Bc4 34. a3 Be6 35. Bc5 Kc6 36. Be3 Kd7 37. f4 Bf5 38. Kd5 Be6+ 39. Kc5 Kc7 40. Bd4 Kb7 41. Be5 Bc4 42. a4 Bd3 43. axb5 axb5 44. b3 Bc2 45. Kxb5 Bxb3 46. c4 Kc8 47. c5 Be6 48. Kc6 Bb3 49. Kd6 Be6 50. c6 Bc4 51. c7 Be6 52. Ke7 Bc4 53. Kf6 Be6 54. Ke7 Bc4 55. f5 gxf5 56. Kf6 Be2 57. Kxf5 Bg4+ 58. Kg5 Bf3 59. Kf6 Bg4 60. Kxf7 Bf3 61. Kg6 Bg4 62. Kg5 Bf3 63. Bf4 Bg4 64. Kf6 Bf3 65. Ke5 Bg4 66. Kd6 Bf3 67. Kc5 Bg4 68. Kd4 Bf3 69. Ke3 Bg4 70. Kf2 Bd1 71. Ke1 Bg4 72. Kf2 Bd1 73. Kg1 Bg4 74. Kh2 Bf3 75. Kh3 Bg4+ 76. Kh4 Bf3 77. Kg5 Bg4 78. Kf6 Bf3 79. Ke5 Bg4 80. Ke4 Bd1 1/2-1/2


[Site "https://www.chess.com"]

[Event "Titled Tuesday Blitz August 3 2021"]
[White "Tong, Hai Anh"]
[Black "Gontcharov, Vladislav"]
[WhiteFideId "12412805"]
[BlackFideId "4123492"]
[WhiteElo "1467"]
[BlackElo "2503"]
[Result "0-1"]
[Round "08"]
[TimeControl "180+1"]
[Date "2021.08.03"]
[WhiteClock "0:00:07"]
[BlackClock "0:00:45"]

1. Nf3 Nf6 2. g3 g6 3. Bg2 Bg7 4. O-O O-O 5. c4 d6 6. Nc3 c5 7. d4 Nc6 8. d5 Na5 9. Qd3 a6 10. e4 b5 11. cxb5 axb5 12. Qxb5 Ba6 13. Qa4 Bxf1 14. Bxf1 Nd7 15. Qc2 Qb6 16. Rb1 Rfb8 17. Nb5 Nb7 18. b3 Ne5 19. Nxe5 Bxe5 20. a4 Bg7 21. Be3 Qd8 22. Na3 Na5 23. Nc4 Nxc4 24. Bxc4 Qa5 25. Bb5 Qc3 26. Qxc3 Bxc3 27. Kf1 Bb4 28. Ke2 Ra7 29. Kd3 e6 30. Bf4 e5 31. Be3 Kg7 32. h4 Rf8 33. Rf1 f5 34. f4 fxe4+ 35. Kxe4 exf4 36. Bxf4 Re7+ 37. Kd3 Rf5 38. g4 Rxd5+ 39. Kc2 h6 40. Bc4 Rd4 41. g5 h5 42. Bg3 d5 43. Bd3 c4 44. bxc4 dxc4 45. Bxc4 Rxc4+ 46. Kb3 Rg4 47. Bc7 Rxc7 0-1


[Site "https://www.chess.com"]

[Event "Titled Tuesday Blitz August 3 2021"]
[White "Trent, Lawrence"]
[Black "Sanal, Vahap"]
[WhiteFideId "408638"]
[BlackFideId "6300545"]
[WhiteElo "2474"]
[BlackElo "2495"]
[Result "0-1"]
[Round "08"]
[TimeControl "180+1"]
[Date "2021.08.03"]
[WhiteClock "0:00:02"]
[BlackClock "0:00:54"]

1. e4 e5 2. Nf3 Nc6 3. Bc4 Bc5 4. c3 Nf6 5. d4 exd4 6. e5 d5 7. Bb5 Ne4 8. cxd4 Bb6 9. Be3 Bg4 10. Nc3 O-O 11. h3 Bh5 12. Rc1 Ne7 13. g4 Bg6 14. Ne2 c6 15. Ba4 f6 16. Nf4 Qd7 17. Bc2 Rae8 18. e6 Qd6 19. h4 Rc8 20. h5 Be8 21. Nh4 Qb4+ 22. Kf1 g5 23. hxg6 hxg6 24. Kg2 Kg7 25. f3 Nd6 26. a3 Qxb2 27. Rb1 Qxa3 28. Bc1 Qa2 29. Qd3 f5 30. Rb2 Qc4 31. Qd2 Qxd4 32. Nh5+ gxh5 33. Qh6+ Kg8 34. Qg5+ Qg7 35. gxh5 Bxh5 36. Kh2 Qxg5 37. Bxg5 Rce8 38. Bb1 Ng6 39. Rg2 Rxe6 40. Bh6 Kh7 41. Bxf8 Nxh4 42. Kg3 Nxg2 43. Rxh5+ Kg8 44. Rg5+ Kxf8 45. Kxg2 0-1


[Site "https://www.chess.com"]

[Event "Titled Tuesday Blitz August 3 2021"]
[White "Tristan, Leonardo"]
[Black "Begunov, Konstantin"]
[WhiteFideId "113816"]
[BlackFideId "4118510"]
[WhiteElo "2404"]
[BlackElo "2262"]
[Result "0-1"]
[Round "08"]
[TimeControl "180+1"]
[Date "2021.08.03"]
[WhiteClock "0:00:43"]
[BlackClock "0:00:07"]

1. d4 d5 2. Nf3 c6 3. Bf4 Nf6 4. e3 Bg4 5. c4 e6 6. Nc3 Nbd7 7. Qb3 Bxf3 8. gxf3 Qb6 9. c5 Qxb3 10. axb3 a6 11. b4 Rc8 12. h3 g6 13. Ne2 Nh5 14. Bh2 Bg7 15. Kd2 e5 16. h4 f5 17. Rg1 Bf6 18. dxe5 Bxe5 19. Bxe5 Nxe5 20. Nd4 f4 21. Bh3 Rc7 22. e4 dxe4 23. fxe4 Ke7 24. Kc3 Rd8 25. Ne6 Rd3+ 26. Kc2 Rcd7 27. Ng5 Rd2+ 28. Kc1 R7d3 29. Bf1 Rd4 30. Bxa6 bxa6 31. Rxa6 Rxf2 32. Ra7+ Ke8 33. Ne6 Rc4+ 34. Kb1 Rxb4 35. Rd1 Rbxb2+ 36. Ka1 Rfd2 37. Rc1 Nd3 38. Rf1 Nb4 39. Ng7+ Nxg7 40. Rxg7 Ra2+ 41. Kb1 Rdb2+ 42. Kc1 Nd3+ 43. Kd1 Rd2# 0-1


[Site "https://www.chess.com"]

[Event "Titled Tuesday Blitz August 3 2021"]
[White "Tsaruk, Maksim"]
[Black "Kretov, Evgenij"]
[WhiteFideId "13511173"]
[BlackFideId "4167821"]
[WhiteElo "2184"]
[BlackElo "2400"]
[Result "0-1"]
[Round "08"]
[TimeControl "180+1"]
[Date "2021.08.03"]
[WhiteClock "0:00:05"]
[BlackClock "0:01:19"]

1. d4 Nf6 2. Nf3 e6 3. c4 b6 4. g3 Ba6 5. Bg2 Bxc4 6. Nc3 Bd5 7. Nxd5 exd5 8. O-O Nc6 9. Ne5 Bd6 10. f4 Nxd4 11. Be3 Nf5 12. Bf2 c6 13. g4 Bxe5 14. e4 Nxe4 15. Bxe4 dxe4 16. fxe5 Nh4 17. Qd6 Nf3+ 18. Kg2 Qe7 19. Bg3 Qxd6 20. exd6 O-O 21. Rf2 Rfe8 22. Rd1 Re6 23. h4 Rae8 24. h5 f6 25. Re2 Ng5 26. Bf4 Nf7 27. Kg3 c5 28. a4 Rc8 29. a5 b5 30. Rd5 a6 31. Rc2 c4 32. b3 Rc6 33. bxc4 bxc4 34. Kf2 Nxd6 35. Rcd2 e3+ 36. Bxe3 Ne4+ 37. Kf3 Nxd2+ 38. Bxd2 c3 0-1


[Site "https://www.chess.com"]

[Event "Titled Tuesday Blitz August 3 2021"]
[White "Ulko, Jaroslav"]
[Black "Zhuravlev, Alexey"]
[WhiteFideId "4116658"]
[BlackFideId "4164199"]
[WhiteElo "2304"]
[BlackElo "2466"]
[Result "1-0"]
[Round "08"]
[TimeControl "180+1"]
[Date "2021.08.03"]
[WhiteClock "0:00:19"]
[BlackClock "0:00:02"]

1. d4 Nf6 2. Nf3 g6 3. c3 Bg7 4. Bg5 O-O 5. Nbd2 d5 6. e3 b6 7. Be2 c5 8. O-O Nc6 9. a4 Bb7 10. Qb3 Qc8 11. h3 Re8 12. Bf4 Nd7 13. Bb5 a6 14. Be2 c4 15. Qc2 e5 16. dxe5 Ndxe5 17. b3 b5 18. b4 Nd7 19. a5 d4 20. Nxc4 bxc4 21. exd4 Ne7 22. Rfe1 Nd5 23. Bd2 N7f6 24. Ne5 Qf5 25. Qxf5 gxf5 26. f3 Rac8 27. Bxc4 Re7 28. Rac1 Rec7 29. Bd3 Nxc3 30. Bxf5 Ne2+ 31. Rxe2 Rxc1+ 32. Bxc1 Rxc1+ 33. Kh2 Nd5 34. Nd3 Rc7 35. Re8+ Bf8 36. Nc5 Kg7 37. Be4 Bxc5 38. dxc5 Nxb4 39. Rb8 Bxe4 40. Rxb4 Bc6 41. Rb6 Bb5 42. Rd6 Rxc5 43. Rd4 Rc2 44. Rg4+ Kf8 45. Rb4 Bf1 46. Rh4 Rxg2+ 47. Kh1 Rg5 48. Rxh7 Rxa5 49. Rh8+ Kg7 50. Rb8 Bxh3 51. Kg1 Be6 52. Kf2 Ra3 53. Kg3 Bd5 54. Kf4 Bxf3 55. Ke5 1-0


[Site "https://www.chess.com"]

[Event "Titled Tuesday Blitz August 3 2021"]
[White "Urazayev, Arystanbek"]
[Black "Rustemov, Alexander"]
[WhiteFideId "13709810"]
[BlackFideId "4119002"]
[WhiteElo "2321"]
[BlackElo "2670"]
[Result "1-0"]
[Round "08"]
[TimeControl "180+1"]
[Date "2021.08.03"]
[WhiteClock "0:00:48"]
[BlackClock "0:00:02"]

1. d4 d5 2. c4 e6 3. Nc3 Be7 4. Nf3 Nf6 5. Bf4 O-O 6. a3 Nbd7 7. Nb5 Ne8 8. e3 a6 9. Nc3 dxc4 10. Bxc4 b5 11. Be2 Bb7 12. O-O c5 13. d5 exd5 14. Nxd5 Bxd5 15. Qxd5 Nb6 16. Qxd8 Rxd8 17. Rfd1 Rxd1+ 18. Rxd1 c4 19. Ne5 Bf6 20. Rd2 Na4 21. Bd1 Bxe5 22. Bxe5 Nc5 23. Bc2 f6 24. Bd4 Ne6 25. Bc3 N8c7 26. g4 Rd8 27. Rxd8+ Nxd8 28. Be4 Nde6 29. Ba5 Kf7 30. Kf1 g6 31. Ke2 Ke7 32. f4 Nc5 33. Bc2 Nd5 34. h4 Ke6 35. f5+ Kf7 36. fxg6+ hxg6 37. h5 gxh5 38. gxh5 Kg7 39. Bd2 Nd7 40. h6+ Kf7 41. Bf5 Ne5 42. Bc8 c3 43. bxc3 a5 44. Ba6 b4 45. cxb4 axb4 46. axb4 Kg6 47. Bd3+ Kf7 48. b5 Nb6 49. Ba5 Nbc4 50. Bxc4+ Nxc4 51. Bc3 Kg6 52. Kd3 Nd6 53. b6 Kxh6 54. Bxf6 Kg6 55. Be5 Nb7 56. Ke4 Kf7 57. Kd5 Ke7 58. Kc6 Na5+ 59. Kc7 Ke6 60. Bc3 Kd5 61. Bxa5 1-0


[Site "https://www.chess.com"]

[Event "Titled Tuesday Blitz August 3 2021"]
[White "Vasquez Schroeder, Rodrigo"]
[Black "Ezat, Mohamed"]
[WhiteFideId "3400042"]
[BlackFideId "10600906"]
[WhiteElo "2572"]
[BlackElo "2414"]
[Result "1-0"]
[Round "08"]
[TimeControl "180+1"]
[Date "2021.08.03"]
[WhiteClock "0:00:49"]
[BlackClock "0:00:13"]

1. e4 c6 2. d4 d5 3. exd5 cxd5 4. Bd3 Nc6 5. c3 Qc7 6. Ne2 Bg4 7. O-O e6 8. Qe1 Bxe2 9. Qxe2 Nf6 10. Nd2 Bd6 11. g3 h5 12. Nf3 h4 13. Nxh4 O-O-O 14. Nf3 Kb8 15. Re1 Rde8 16. Ne5 Bxe5 17. dxe5 Nd7 18. Bf4 Rh3 19. Kg2 Reh8 20. Rh1 Ka8 21. Rae1 Qb6 22. b4 Ne7 23. Be3 Qc7 24. Bd4 Nf8 25. b5 Nfg6 26. Qg4 Qa5 27. Re2 Qa4 28. Qxh3 Rxh3 29. Kxh3 b6 30. Rb1 Nf5 31. Rb4 Qd1 32. Bxf5 Qxe2 33. Bxg6 fxg6 34. Be3 Qxa2 35. Rf4 Qe2 36. Rf8+ Kb7 37. Rf7+ Ka8 38. Rf8+ Kb7 39. Rf7+ Kc8 40. Rxa7 Qh5+ 41. Kg2 Qf5 42. Bxb6 Qe4+ 43. f3 Qe2+ 44. Bf2 g5 45. h3 Qxe5 46. b6 Qxc3 47. Rc7+ Qxc7 48. bxc7 Kxc7 49. Bd4 g6 50. Kf2 Kd6 51. f4 e5 52. fxe5+ Ke6 53. Kf3 1-0


[Site "https://www.chess.com"]

[Event "Titled Tuesday Blitz August 3 2021"]
[White "Von Buelow, Georg"]
[Black "Ballester Llagaria, Luis Eduardo"]
[WhiteFideId "4620658"]
[BlackFideId "2297620"]
[WhiteElo "2178"]
[BlackElo "2344"]
[Result "0-1"]
[Round "08"]
[TimeControl "180+1"]
[Date "2021.08.03"]
[WhiteClock "0:00:15"]
[BlackClock "0:00:39"]

1. e4 e6 2. d4 d5 3. Nc3 Nc6 4. Nf3 Nf6 5. Bg5 Be7 6. Bxf6 Bxf6 7. Bb5 O-O 8. Bxc6 bxc6 9. O-O Rb8 10. Rb1 Ba6 11. Re1 h6 12. exd5 cxd5 13. Na4 Be7 14. Ne5 Bb5 15. Nc5 Bxc5 16. dxc5 Be8 17. b4 f6 18. Nf3 e5 19. c3 Bh5 20. Qa4 Bxf3 21. gxf3 Qc8 22. Qc6 Qb7 23. Qe6+ Kh8 24. Rbd1 c6 25. a3 Rbe8 26. Qd6 Rd8 27. Qe6 Rfe8 0-1


[Site "https://www.chess.com"]

[Event "Titled Tuesday Blitz August 3 2021"]
[White "Weetik, Vjacheslav"]
[Black "Oparin, Grigoriy"]
[WhiteFideId "4153472"]
[BlackFideId "24125890"]
[WhiteElo "2469"]
[BlackElo "2628"]
[Result "0-1"]
[Round "08"]
[TimeControl "180+1"]
[Date "2021.08.03"]
[WhiteClock "0:00:01"]
[BlackClock "0:01:24"]

1. d4 Nf6 2. Bf4 c5 3. e3 cxd4 4. exd4 Qb6 5. Nc3 a6 6. Bd3 Qxb2 7. Nge2 Qb6 8. O-O d5 9. Be5 e6 10. Nf4 Qd8 11. Re1 Be7 12. Bxf6 Bxf6 13. Ncxd5 Bxd4 14. c3 O-O 15. cxd4 exd5 16. Qh5 g6 17. Qxd5 Nc6 18. Bc4 Nxd4 19. Rad1 Qxd5 20. Nxd5 Nc6 21. Ne7+ Kg7 22. Nxc6 bxc6 23. Rd6 c5 24. Re7 Bf5 25. f3 h5 26. Rxa6 Rxa6 27. Bxa6 Be6 28. Rc7 Ra8 29. Bb5 Rxa2 30. Rxc5 Ra5 31. h4 Bd7 32. Bxd7 Rxc5 33. Bh3 Rc4 34. g3 f6 35. Kf2 g5 36. hxg5 fxg5 37. Be6 Rc3 38. Bd5 Kf6 39. Ke2 Rc2+ 40. Ke3 Ke5 41. Be4 Rb2 42. f4+ Kf6 43. fxg5+ Kxg5 44. Bf3 Ra2 45. Ke4 Ra3 0-1


[Site "https://www.chess.com"]